 Dungeon Crawl Stone Soup version 0.24.0-123-gd5b16e6ec5 (webtiles) character file.

Game seed: 16424028698334522216, levelgen mode: deterministic

98 Gildeon the Chopper (level 4, 0/39 HPs)
             Began as a Minotaur Fighter on Jan 11, 2020.
             Was a Plaything of Xom.
             Slain by Grinder (1 damage)
             ... while paralysed by Grinder
             ... on level 3 of the Dungeon on Jan 13, 2020.
             The game lasted 00:04:05 (1612 turns).

Gildeon the Chopper (Minotaur Fighter)              Turns: 1612, Time: 00:04:06

Health: 0/39       AC:  6    Str: 21    XL:     4   Next: 44%
Magic:  3/3        EV:  2    Int:  5    God:    Xom [..*...]
Gold:   169        SH:  0    Dex: 10    Spells: 3/3 levels left

rFire    . . .     SeeInvis .   a - +0 war axe
rCold    . . .     Gourm    .   c - +0 shield
rNeg     . . .     Faith    .   b - +0 scale mail
rPois    .         Spirit   .   (helmet restricted)
rElec    .         Reflect  .   (no cloak)
rCorr    .         Harm     .   (no gloves)
MR       .....                  (no boots)
Stlth    ..........             (no amulet)
HPRegen  0.13/turn              (no ring)
MPRegen  0.08/turn              (no ring)

@: paralysed
A: retaliatory headbutt, horns 2
a: Renounce Religion


You were on level 3 of the Dungeon.
You worshipped Xom.
You were a toy of Xom.
You were hungry.

You visited 1 branch of the dungeon, and saw 3 of its levels.

You collected 169 gold pieces.

Inventory:

Hand Weapons
 a - a +0 war axe (weapon)
Armour
 b - a +0 scale mail (worn)
 c - a +0 shield (worn)
Scrolls
 j - a scroll of remove curse
 m - 2 scrolls of identify {unknown}
 n - a scroll of teleportation {unknown}
 o - a scroll of magic mapping {unknown}
Potions
 d - a potion of might
 e - 2 potions of mutation {unknown}
 g - a potion of agility {unknown}
 h - 2 potions of ambrosia {unknown}
 i - a potion of heal wounds {unknown}
 k - 4 potions of curing {unknown}
Comestibles
 f - 5 rations
 l - 3 chunks of flesh


   Skills:
 - Level 3.6 Fighting
 + Level 5.7 Axes
 - Level 3.6 Armour
 - Level 3.6 Shields


You had 3 spell levels left.
You didn't know any spells.
Your spell library was empty.

Dungeon Overview and Level Annotations

Branches:
Dungeon (3/15)

Altars:
Hepliaklqana
Trog
Xom

Annotations:
D:3 Grinder


Innate Abilities, Weirdness & Mutations

You reflexively headbutt those who attack you in melee.
You have a pair of horns on your head.


Message History

Grinder rolls her eyes.
Grinder blinks!
You slash Grinder!
Grinder is heavily wounded.
You block Grinder's attack. Grinder gestures at you.
You suddenly lose the ability to move!
You are feeling hungry.
Grinder hits you but does no damage. Grinder hits you!
You writhe in agony.
Grinder hits you.
* * * LOW HITPOINT WARNING * * *
You writhe in agony.
* * * LOW HITPOINT WARNING * * *
Grinder hits you.
* * * LOW HITPOINT WARNING * * *
Xom is interested.
You writhe in agony.
You die...
Xom thinks this is hilarious!

.# . ♣. .## ♣♣
..# ♣.♣.# ♣..#
♣♣♣♣♣ ♣..#
#♣♣♣♣...♣♣♣@#.#
#.........5.##.#
.#....÷#### #.#
#.##### #.# #<#
#.# ### #.


You could see Grinder.

Vanquished Creatures
  2 adders (D:2)
  An ooze (D:1)
  2 worms (D:2)
  3 dart slugs
  A leopard gecko (D:1)
  3 giant cockroaches
  6 goblins
  11 hobgoblins
  11 jackals (D:1)
  8 bats
  2 frilled lizards
  5 kobolds
  4 rats
59 creatures vanquished.

Notes
Turn   | Place    | Note
-------+----------+-------------------------------------------
     0 | D:1      | Gildeon the Minotaur Fighter began the quest for the Orb.
     0 | D:1      | Reached XP level 1. HP: 19/19 MP: 0/0
    37 | D:1      | Reached skill level 3 in Axes
    39 | D:1      | Reached XP level 2. HP: 26/26 MP: 1/1
   210 | D:1      | Reached skill level 4 in Axes
   360 | D:1      | Reached XP level 3. HP: 31/31 MP: 2/2
   790 | D:2      | Found a shimmering altar of Xom.
   793 | D:2      | Found a shimmering altar of Xom.
   838 | D:2      | Reached skill level 5 in Axes
   861 | D:2      | Found a shimmering altar of Xom.
   869 | D:2      | Became a worshipper of Xom of Chaos
   894 | D:2      | XOM: potion effect (heal wounds)
  1004 | D:2      | Reached XP level 4. HP: 37/39 MP: 3/3
  1156 | D:2      | Found a bloodstained altar of Trog.
  1222 | D:2      | XOM: harmless Air miscast
  1297 | D:2      | Found a hazy altar of Hepliaklqana.
  1596 | D:3      | Noticed Grinder
  1608 | D:3      | Paralysed by Grinder for 6 turns
  1612 | D:3      | HP: 1/39 [Grinder (4)]
  1612 | D:3      | Slain by Grinder

Levels and vault maps discovered:
D:1:      minmay_arrival_four_circles, layout_rooms, bh_walls_and_bars
D:2:      layout_loops_ring, xom_redecorated, lightli_temple_of_fire,
          lemuel_coloured_pillars_altar, first_ration, minmay_door_square,
          minmay_pentomino_q2
D:3:      layout_basic, makhleb_blood_cavern_becter,
          chequers_ecumenical_altar_grove, uniq_grinder, uniq_terence,
          uniq_crazy_yiuf_cottage

Skill      XL: |  1  2  3 |
---------------+----------+-----
Axes           | 3 4 5 |  5.7
Fighting       | |  3.6
Armour         | |  3.6
Shields        | |  3.6

Action                   |  1- 3 |  4- 6 || total
-------------------------+-------+-------++-------
Melee: War axe           |    97 |    38 ||   135
       Headbutt          |     9 |     7 ||    16
  Use: Scroll            |     2 |       ||     2
  Eat: Chunk             |     1 |     1 ||     2
Armor: Scale mail        |    77 |    16 ||    93
Dodge: Dodged            |    44 |     5 ||    49
Block: Shield            |    83 |    14 ||    97
